cohdb
Replays
Latest Replays
All Replays
Popular Replays
Top Player Replays
Match Explorer
How It Works
Community
CoH3 Stats
Reddit
Sign in to upload your games and track your stats! →
Sign in with Steam
Match 43479136
Unlisted
Match 43479136
Overview
Messages
Build Orders
End
Pioneer Squad
Selects Italian Coastal Battlegroup
Selects Coastal Reserves
Coastal Reserve
Coastal Reserve
Coastal Reserve
Coastal Reserve
Selects Artillery Officer
Construct Infanterie Kompanie
Selects Designate Defensive Line
Construct Luftwaffe Kompanie
Medical Bunker
Support Elements
Selects Designated Artillery Overwatch
Wirbelwind Flakpanzer
Designate Defensive Line
Artillery Officer
Jäger Squad
Wirbelwind Flakpanzer
Side Skirts
Selects Obice da 210/22 Artillery Emplacement
Repair Bunker
男娘不如路边一条
Polka_Pete
0
0
Comments
sign in to comment!
No comments posted yet!